 Dungeon Crawl Stone Soup version 0.23-a0-356-g1757c6e (webtiles) character file.

11 Cryolive the Digger (level 2, 0/15 HPs)
             Began as a Gargoyle Earth Elementalist on Oct 21, 2018.
             Slain by a jackal (3 damage)
             ... on level 1 of the Dungeon.
             The game lasted 00:01:11 (143 turns).

Cryolive the Digger (Gargoyle Earth Elementalist)    Turns: 143, Time: 00:01:12

Health: 0/15       AC:  4    Str: 11    XL:     2   Next: 29%
Magic:  5/5        EV: 12    Int: 15    God:
Gold:   0          SH:  0    Dex: 10    Spells: 4/5 levels left

rFire    . . .     SeeInvis .   g - +0 short sword
rCold    . . .     Gourm    .   (no shield)
rNeg     + . .     Faith    .   c - +0 robe
rPois    ∞         Spirit   .   (no helmet)
rElec    +         Reflect  .   (no cloak)
rCorr    .         Harm     .   (no gloves)
MR       .....                  (no boots)
Stlth    ++........             (no amulet)
HPRegen  0.05/turn              (no ring)
MPRegen  0.09/turn              (no ring)

@: no status effects
A: negative energy resistance 1, electricity resistance, unbreathing,
petrification resistance, rot immunity, AC +2
a: no special abilities


You were on level 1 of the Dungeon.
You were not hungry.

You visited 1 branch of the dungeon, and saw 1 of its levels.

Inventory:

Hand Weapons
 g - a +0 short sword (weapon)
Missiles
 b - 29 stones (quivered)
Armour
 c - a +0 robe (worn)
 e - a +0 pair of boots
Scrolls
 a - a scroll of random uselessness {unknown}
 i - 2 scrolls of identify {unknown}
Potions
 f - a potion of lignification {unknown}
 h - a potion of flight {unknown}
 j - 2 potions of curing {unknown}
 k - a potion of agility {unknown}
Comestibles
 d - 2 rations


   Skills:
 - Level 1.6 Dodging
 - Level 2.2 Stealth
 + Level 2.3 Spellcasting
   Level 0.7 Transmutations
 + Level 4.1 Earth Magic


You had 4 spell levels left.
You knew the following spells:

 Your Spells              Type           Power        Failure   Level  Hunger
a - Sandblast             Erth           ##....       4%          1    #......

Your spell library contained the following spells:

 Spells                   Type           Power        Failure   Level  Hunger
 Passwall                 Tmut/Erth      #.......     12%         2    ###....
 Stone Arrow              Conj/Erth      #.....       28%         3    ###....
 Petrify                  Tmut/Erth      #.......     61%         4    #####..
 Lee's Rapid Deconstruct  Erth           ##........   73%         5    ######.


Dungeon Overview and Level Annotations

Branches:
Dungeon (1/15)

Altars:


Innate Abilities, Weirdness & Mutations

You are resistant to torment.
Your stone body is resilient. (AC +2)
You are immune to poison.
You resist negative energy. (rN+)
You are resistant to electric shocks. (rElec)
You can survive without breathing.
You are immune to petrification.
You are immune to rotting.


Message History

Tha jackal barely misses ye.
Tha rat bites ye.
* * * LOW HITPOINT WARNIN'
* * * Ye closely miss tha jackal.
Tha jackal barely misses ye.
Tha rat bites ye but does nay damage.
Tha jackal barks!
Ye hit tha jackal.
Tha jackal be heavily wounded.
Tha jackal barely misses ye.
Tha rat bites ye but does nay damage.
Ye hit tha jackal.
Tha jackal be almost dead.
Tha jackal bites ye but does nay damage.
Tha rat misses ye.
Tha dart slug misses ye.
Ye hit tha jackal.
Ye kill tha jackal!
Tha rat bites ye but does nay damage.
Tha dart slug bites ye.
* * * LOW HITPOINT WARNIN'
* * * Ye barely miss tha jackal.
Tha jackal be moderately wounded.
Tha jackal bites ye.
Ye die...

....≈≈§.≈≈≈§≈≈≈.≈≈≈.
..........§§.....§.§
...###.#.#.#.##.#### .
................# ..
...###########.######...
..... ................
.##... ######.......#..
## ##.# #.......# # ..#
#...@...# .. #..rhw..#
#....%..# #.(.....#
.........# .##.####.## .
#. .. ## ...


You could see a dart slug, a jackal and a rat.

Vanquished Creatures
  A leopard gecko (D:1)
  A bat (D:1)
  A hobgoblin (D:1)
  2 jackals (D:1)
  A kobold (D:1)
  A ball python (D:1)
  2 frilled lizards (D:1)
  A rat (D:1)
10 creatures vanquished.

Notes
Turn   | Place    | Note
-------+----------+-------------------------------------------
     0 | D:1      | Cryolive the Gargoyle Earth Elementalist began the quest
                  | for the Orb.
     0 | D:1      | Reached XP level 1. HP: 10/10 MP: 3/3
    65 | D:1      | Reached skill level 4 in Earth Magic
    65 | D:1      | Reached XP level 2. HP: 15/15 MP: 3/5
   143 | D:1      | Slain by a jackal

Vault maps used:
D:1:      evilmike_arrival_hilbert_curve, minmay_stone_trees_medium

Skill      XL: |  1 |
---------------+----+-----
Earth Magic    | 4 |  4.1
Dodging        | |  1.6
Stealth        | |  2.2
Spellcasting   | |  2.3
Transmutations | |  0.7

Action                   || total
-------------------------++-------
Melee: Short sword       ||    23
 Cast: Sandblast         ||     4
Armor: Robe              ||    13
Dodge: Dodged            ||    26

Table legend:
 A = Non-vault XP
 B = Vault XP
 C = Vault XP percentage of total XP
 D = Non-vault monster count
 E = Vault monster count
 F = Vault count percentage of total count
                 A         B        C        D         E       F
            +---------+---------+-------+---------+---------+-------
      Total |      17 |       0 |   0.0 |      10 |       0 |   0.0
            +---------+---------+-------+---------+---------+-------
        D:1 |      17 |       0 |   0.0 |      10 |       0 |   0.0
            +---------+---------+-------+---------+---------+-------
